 Dungeon Crawl Stone Soup version 0.20.1-1-g8b1a95d (webtiles) character file.

1703 catnip the Caller (level 8, -6/69 HPs)
             Began as a Centaur Summoner on Oct 26, 2017.
             Was a Follower of Makhleb.
             Shot with a sling bullet by Joseph (17 damage)
             ... on level 7 of the Dungeon.
             The game lasted 01:01:07 (9453 turns).

catnip the Caller (Centaur Summoner)                Turns: 9453, Time: 01:01:08

Health: -6/69      AC:  4    Str:  9 (12) XL:     8   Next: 73%
Magic:  15/15      EV: 10    Int: 13 (15) God:    Makhleb [*.....]
Gold:   397        SH:  0    Dex: 15 (16) Spells: 3/17 levels left

rFire    . . .     SeeInvis .   j - +1 flail (crush)
rCold    . . .     Gourm    .   (no shield)
rNeg     . . .     Faith    .   d - +0 leather armour
rPois    +         Spirit   .   (no helmet)
rElec    +         Reflect  .   (no cloak)
rCorr    .         Harm     .   (no gloves)
MR       .....                  (no barding)
Stlth    +.........             q - amulet of magic regeneration
Regen    0.3/turn               z - +4 ring of dexterity
MPRegen  0.3/turn               (no ring)

@: drained, very quick
A: hooves 3, agile 1, deformed body, deterioration 1, speed 2, poison
resistance, electricity resistance, tough skin 3
a: Renounce Religion


You were on level 7 of the Dungeon.
You worshipped Makhleb.
Makhleb was aware of your devotion.
You were not hungry.

You visited 2 branches of the dungeon, and saw 8 of its levels.

You collected 397 gold pieces.

Inventory:

Hand Weapons
 a - a +0 mace
 g - a +2 morningstar
 j - a +1 flail of crushing (weapon)
 r - a +2 dagger of draining
 s - a +0 short sword
Armour
 d - a +0 leather armour (worn)
Jewellery
 q - an amulet of magic regeneration (around neck)
 z - a +4 ring of dexterity (left hand)
Wands
 e - a wand of lightning (1/15)
 t - a wand of polymorph (16/24)
 A - a wand of iceblast (9/15)
Scrolls
 f - 2 scrolls of identify
 i - 4 scrolls of remove curse
 k - 3 scrolls of amnesia
 m - 4 scrolls of teleportation
 n - 2 scrolls of recharging {unknown}
 o - a scroll of holy word {unknown}
 p - 3 scrolls of fog {unknown}
 v - 2 scrolls of magic mapping {unknown}
 x - a scroll of enchant armour {unknown}
 D - a scroll of blinking
Potions
 l - a potion of heal wounds
 u - a potion of brilliance
 C - a potion of haste {unknown}
 F - a potion of lignification {unknown}
Books
 b - a book of Callings

   Spells                             Type                      Level
   a - Summon Small Mammal            Summoning                    1
   b - Call Imp                       Summoning                    2
   c - Call Canine Familiar           Summoning                    3
   d - Summon Guardian Golem          Hexes/Summoning              3
   e - Summon Lightning Spire         Summoning/Air                4
   f - Summon Ice Beast               Ice/Summoning                4
 w - a book of Frost

   Spells                             Type                      Level
   a - Freeze                         Ice                          1
   b - Throw Frost                    Conjuration/Ice              2
   c - Ozocubu's Armour               Charms/Ice                   3
   d - Throw Icicle                   Conjuration/Ice              4
   e - Summon Ice Beast               Ice/Summoning                4
 y - a book of Cantrips

   Spells                             Type                      Level
   a - Confusing Touch                Hexes                        1
   b - Animate Skeleton               Necromancy                   1
   c - Summon Small Mammal            Summoning                    1
   d - Apportation                    Translocation                1
Comestibles
 c - 4 bread rations
 h - 2 royal jellies
 B - 6 fruits
 E - a chunk of flesh


   Skills:
 * Level 5.4(5.0) Fighting
 - Level 0.1(0.0) Short Blades
 * Level 5.3(4.9) Maces & Flails
 + Level 3.1(2.8) Armour
 + Level 3.0(2.7) Dodging
 + Level 2.5(2.1) Stealth
 * Level 5.3(4.9) Spellcasting
 + Level 2.7(2.4) Hexes
 + Level 6.1(5.7) Summonings
 + Level 5.1(4.7) Invocations


You had 3 spell levels left.
You knew the following spells:

 Your Spells              Type           Power        Failure   Level  Hunger
a - Confusing Touch       Hex            #.....       10%         1    None
b - Call Imp              Summ           ###.....     3%          2    ##.....
c - Call Canine Familiar  Summ           ###.....     8%          3    ###....
d - Summon Guardian Gole  Hex/Summ       ##......     14%         3    ###....
e - Summon Ice Beast      Ice/Summ       ##......     61%         4    ####...
f - Animate Skeleton      Necr           N/A          26%         1    None


Dungeon Overview and Level Annotations

Branches:
Dungeon (7/15)             Temple (1/1) D:4

Altars:
Ashenzari
Cheibriados
Dithmenos
Elyvilon
Fedhas
Gozag
Hepliaklqana
Kikubaaqudgha
Makhleb
Nemelex Xobeh
Okawaru
Qazlal
Ru
Sif Muna
Trog
Uskayaw
Vehumet
Xom
Yredelemnul
Zin
The Shining One

Annotations:
D:7 Joseph


Innate Abilities, Weirdness & Mutations

You have hooves in place of feet.
Armour fits poorly on your strangely shaped body.
You cover ground very quickly.
You have extremely tough skin. (AC +3)
You are agile. (Dex +2)
Your body sometimes deteriorates upon taking damage.
Your system is resistant to poisons. (rPois)
You are resistant to electric shocks. (rElec)


Message History

Found a stone staircase leading up.
There is an escape hatch in the ceiling here.
Found a fizzy inky potion.
There is a stone staircase leading up here.
F - a fizzy inky potion
Found a basalt altar of Yredelemnul.
Found 5 gold pieces.
Joseph, a Mercenary comes into view.
He is wielding a quarterstaff.
Joseph unwields an uncursed quarterstaff.
Joseph wields a glowing hunting sling.
It is covered in frost.
Joseph shoots a sling bullet.
The sling bullet hits you!! The sling bullet freezes you!
You see here a sling bullet.
Joseph shoots a sling bullet.
The sling bullet hits you!
* * * LOW HITPOINT WARNING * * *
The sling bullet freezes you!
* * * LOW HITPOINT WARNING * * *
Found a scroll of amnesia.
Joseph shoots a sling bullet.
The sling bullet hits you!
You die...

##. ## ..# #.. .#.# #.#
#.. #.#.# #.#
#..####.#.# #.#
###.#.......##### #.#
#....$..........# #.#
.#@....#......##.####.##
>......@.._...#.........
##?....#.(...##.....#.##
#.....#.....##.###.#.#
......................#
##.........####.###.###
#.........# #.# #.#
#.........## #.# #.#
#..........# #.# #.#
........(.# #.# #.#


You could see Joseph.

Vanquished Creatures
  A water moccasin (D:6)
  An orc warrior (D:6)
  A phantom (D:6)
  A centaur (D:5)
  A bullfrog (D:6)
  3 wights (D:6)
  A howler monkey (D:4)
  A crimson imp (D:6)
  2 bullfrog skeletons
  A hound (D:7)
  2 orc wizards
  An orc priest (D:5)
  An iguana (D:4)
  Natasha (thrice) (D:2)
  A worker ant (D:7)
  A hound zombie (D:7)
  3 gnolls (D:6)
  An adder (D:5)
  2 shadow imps (D:5)
  An adder skeleton (D:7)
  2 worms
  A dart slug (D:4)
  3 leopard geckos
  12 orcs
  7 giant cockroaches
  2 goblins (D:2)
  3 hobgoblins
  15 jackals
  4 kobolds
  A quokka (D:3)
  4 bats
  3 frilled lizards
  A quokka skeleton (D:4)
  7 rats
94 creatures vanquished.

Vanquished Creatures (collateral kills)
  An ice beast (D:6)
  3 ogres
  4 wights
  A gnoll shaman (D:6)
  A hound (D:6)
  A centaur skeleton (D:6)
  6 adders
  2 gnolls
  3 worms
  A dart slug (D:4)
  4 orcs
  A giant cockroach (D:1)
  4 goblins
  4 hobgoblins
  5 jackals
  3 kobolds
  A quokka (D:4)
  A bat (D:2)
46 creatures vanquished.

Vanquished Creatures (others)
  A wight (D:4)
1 creature vanquished.

Grand Total: 141 creatures vanquished

Notes
Turn   | Place    | Note
-------+----------+-------------------------------------------
     0 | D:1      | catnip the Centaur Summoner began the quest for the Orb.
     0 | D:1      | Reached XP level 1. HP: 14/14 MP: 3/3
   560 | D:1      | Reached XP level 2. HP: 17/20 MP: 1/4
   564 | D:1      | Learned a level 2 spell: Call Imp
   804 | D:1      | Reached skill level 4 in Summonings
  1327 | D:2      | Reached XP level 3. HP: 26/26 MP: 0/5
  1362 | D:2      | Noticed Natasha
  1369 | D:2      | Killed Natasha
  1369 | D:2      | Reached skill level 1 in Maces & Flails
  1369 | D:2      | Reached skill level 1 in Armour
  1748 | D:2      | Reached XP level 4. HP: 34/34 MP: 4/6
  1817 | D:2      | Noticed Natasha
  1838 | D:2      | Killed Natasha
  1958 | D:2      | Noticed Natasha
  1994 | D:2      | Killed Natasha
  2313 | D:3      | Learned a level 3 spell: Call Canine Familiar
  2869 | D:3      | Reached XP level 5. HP: 34/39 MP: 7/7
  2944 | D:3      | Reached skill level 1 in Fighting
  4082 | D:4      | Found a staircase to the Ecumenical Temple.
  4388 | Temple   | Entered the Ecumenical Temple
  5161 | Temple   | Became a worshipper of Makhleb the Destroyer
  5252 | D:4      | Reached XP level 6. HP: 37/47 MP: 5/9
  5281 | D:4      | Learned a level 3 spell: Summon Guardian Golem
  5291 | D:4      | HP: 1/47 [guardian golem/exploding inner flame[the player character] (28)]
  5296 | D:4      | Gained mutation: Your body sometimes deteriorates upon taking damage. [potion of mutation]
  5296 | D:4      | Gained mutation: You are agile. (Dex +2) [potion of mutation]
  5296 | D:4      | Gained mutation: You are resistant to electric shocks. (rElec) [potion of mutation]
  5296 | D:4      | Gained mutation: Your system is resistant to poisons. (rPois) [potion of mutation]
  5302 | D:4      | Reached skill level 5 in Fighting
  5302 | D:4      | Reached skill level 5 in Summonings
  5302 | D:4      | Reached skill level 5 in Invocations
  5302 | D:4      | Reached XP level 7. HP: 61/61 MP: 9/13
  5495 | D:5      | Entered Level 5 of the Dungeon
  5552 | D:5      | Learned a level 4 spell: Summon Ice Beast
  5840 | D:5      | HP: 2/61 [centaur (5)]
  6314 | D:5      | Reached skill level 5 in Maces & Flails
  6645 | D:5      | Learned a level 1 spell: Confusing Touch
  6647 | D:5      | Learned a level 1 spell: Animate Skeleton
  6851 | D:6      | Reached XP level 8. HP: 42/68 MP: 15/15
  6951 | D:6      | Reached * piety under Makhleb
  6951 | D:6      | Reached skill level 6 in Summonings
  7012 | D:6      | HP: 1/68 [orc warrior/hand axe (11)]
  7518 | D:6      | Reached skill level 5 in Spellcasting
  9443 | D:7      | Found a basalt altar of Yredelemnul.
  9450 | D:7      | Noticed Joseph
  9453 | D:7      | Shot with a sling bullet by Joseph

Skill      XL: |  1  2  3  4  5  6  7  8 |
---------------+-------------------------+-----
Summonings     | 4 5 6 |  6.1
Maces & Flails | 1 2 4 5 |  5.3
Armour         | 1 3 |  3.1
Fighting       | 1 5 |  5.4
Spellcasting   | 2 4 5 |  5.3
Dodging        | 2 3 |  3.0
Stealth        | 2 |  2.5
Hexes          | 2 |  2.7
Invocations    | 5 |  5.1
Short Blades   | |  0.1

Action                   |  1- 3 |  4- 6 |  7- 9 || total
-------------------------+-------+-------+-------++-------
Melee: Mace              |    61 |    90 |       ||   151
       Kick              |    11 |    28 |    34 ||    73
       Dagger            |       |    14 |       ||    14
       Flail             |       |       |   150 ||   150
       Morningstar       |       |       |     3 ||     3
 Cast: Summon Small Mamm |    13 |       |       ||    13
       Call Imp          |     9 |    40 |    27 ||    76
       Call Canine Famil |       |     1 |    14 ||    15
       Summon Guardian G |       |     1 |     8 ||     9
       Summon Ice Beast  |       |       |     1 ||     1
       Animate Skeleton  |       |       |     2 ||     2
  Use: Scroll            |       |     6 |     4 ||    10
       Potion            |       |    12 |     5 ||    17
 Stab: Distracted        |       |       |     1 ||     1
  Eat: Chunk             |     3 |    10 |     9 ||    22
       Fruit             |       |     1 |     1 ||     2
       Bread ration      |       |       |     2 ||     2
Armor: Leather armour    |    51 |    46 |    49 ||   146
Dodge: Dodged            |    54 |    86 |    78 ||   218
